 Dungeon Crawl Stone Soup version 0.25.1-2-g60ff931 (webtiles) character file.

Game seed: 8289806003627278220

31727 Inchmeat the Severer (level 13, -1/118 HPs)
             Began as a Hill Orc Gladiator on July 30, 2020.
             Was a High Priest of the Shining One.
             Slain by a centaur warrior
             ... wielding an uncursed staff of poison
              (3 damage)
             ... on level 13 of the Dungeon.
             The game lasted 00:26:40 (18639 turns).

Inchmeat the Severer (Hill Orc Gladiator)          Turns: 18639, Time: 00:26:40

Health: -1/118     AC: 21    Str: 22    XL:     13   Next: 60%
Magic:  22/22      EV: 11    Int:  8    God:    the Shining One [*****.]
Gold:   1761       SH:  0    Dex: 12    Spells: 12/12 levels left

rFire    . . .     SeeInvis .   d - +1 battleaxe (protect)
rCold    . . .     Gourm    .   (shield currently unavailable)
rNeg     + + .     Faith    .   b - +1 plate armour {MR+}
rPois    .         Spirit   .   c - +0 helmet
rElec    .         Reflect  .   q - +0 cloak
rCorr    .         Harm     .   n - +1 pair of gloves
MR       ++...                  e - +0 pair of boots
Stlth    ..........             E - amulet of regeneration
HPRegen  0.69/turn              F - ring of protection from magic
MPRegen  0.18/turn              y - +4 ring of evasion

@: lethally poisoned (-1 -> -2), glowing
A: no striking features
a: Divine Shield, Cleansing Flame, Summon Divine Warrior, Renounce Religion


You were on level 13 of the Dungeon.
You worshipped the Shining One.
The Shining One was extremely pleased with you.
You were not hungry.

You visited 3 branches of the dungeon, and saw 16 of its levels.

You collected 1871 gold pieces.
You spent 110 gold pieces at shops.

Inventory:

Hand Weapons
 d - a +1 battleaxe of protection (weapon)
 M - a +0 dire flail
 O - a +0 arbalest
Missiles
 a - a throwing net
 h - 28 poisoned darts (quivered)
 r - 62 bolts
Armour
 b - a +1 plate armour of magic resistance (worn)
 c - a +0 helmet (worn)
 e - a +0 pair of boots (worn)
 n - a +1 pair of gloves (worn)
 q - a +0 cloak (worn)
Jewellery
 y - a +4 ring of evasion (right hand)
 E - an amulet of regeneration (around neck)
 F - a ring of protection from magic (left hand)
 I - the ring "Gutocate" {rElec MP+9}
   (You found it on level 8 of the Dungeon)

   [ring of magical power]

   It insulates you from electricity.
   It affects your magic capacity (+9).
 Q - an uncursed ring of flight
 R - an uncursed amulet of the acrobat {unknown}
 S - an uncursed ring of fire {unknown}
 V - an uncursed ring of resist corrosion {unknown}
Wands
 v - a wand of iceblast (4)
 P - a wand of acid (6)
Scrolls
 i - 4 scrolls of amnesia
 j - a scroll of identify {@r1}
 o - 7 scrolls of remove curse {@r2}
 s - 3 scrolls of fog
 u - 2 scrolls of immolation
 w - a scroll of blinking
 x - 6 scrolls of teleportation
Potions
 g - 2 potions of magic
 k - 5 potions of lignification
 m - 2 potions of flight
 p - 3 potions of ambrosia
 t - a potion of berserk rage
 A - 3 potions of cancellation
 B - a potion of mutation {!q}
 J - 2 potions of curing {@q1}
 K - 3 potions of might
 L - a potion of invisibility
Comestibles
 f - 23 rations


   Skills:
 - Level 12.0 Fighting
 - Level 20.0 Axes
 + Level 2.3 Crossbows
 - Level 1.7 Throwing
 - Level 8.0 Armour
 - Level 2.4 Dodging
 - Level 12.0 Invocations


You had 12 spell levels left.
You didn't know any spells.
Your spell library contained the following spells:

 Spells                   Type           Power        Failure   Level  Hunger
 Apportation              Tloc           #.....       100%        1    ##.....
 Summon Butterflies       Summ           #.......     100%        1    ##.....
 Lesser Beckoning         Tloc           #.........   100%        3    ####...
 Tukima's Dance           Hex            #.......     100%        3    ####...
 Alistair's Intoxication  Tmut/Pois      #.......     100%        5    ######.
 Invisibility             Hex            #.......     100%        6    #######


Dungeon Overview and Level Annotations

Branches:
Dungeon (13/15)            Temple (1/1) D:6            Lair (0/6) D:10
    Orc (2/2) D:12            Elf (0/3) Orc:2
 Vaults: D:13-14

Altars:
Ashenzari
Cheibriados
Dithmenos
Elyvilon
Fedhas
Gozag
Hepliaklqana
Kikubaaqudgha
Makhleb
Nemelex Xobeh
Okawaru
Qazlal
Ru
Sif Muna
Trog
Uskayaw
Vehumet
Wu Jian
Xom
Yredelemnul
Zin
The Shining One
Beogh

Shops:
D:9 *   Orc:1 ?   Orc:2 (}}?

Annotations:
D:8 exclusion: oklob plant


Message History

Tha centaur warrior misses ye.
Tha centaur warrior wields a +0 longbow.
Tha centaur warrior shoots an arrow.
Tha arrow hits ye!
* * * LOW HITPOINT WARNIN'
* * * Thin's tha be 'ere: 4 arrows; a shiny tower shield Ye bump inta tha metal wall.
Ye feel less invigorated.
Ye feel less confused.
Ye feel sick.
Tha centaur warrior shoots an arrow.
Tha arrow hits ye!
* * * LOW HITPOINT WARNIN'
* * * Tha sky beast flickers outta sight fer a momn't.
Unknown command.
Tha centaur warrior unwields a +0 longbow.
Tha centaur warrior wields an uncursed staff o' poison.
Tha centaur warrior closely misses ye.
Thar be an op'n door, spatt'red wit' blood 'ere.
Yer plate armour prevents ye from hittin' tha centaur warrior.
Tha centaur warrior be heavily wounded.
Tha centaur warrior hits ye wit' an uncursed staff o' poison.
Ye die...

..........#.......#
........).#.......#
..........#.......##
..........#........##
..........#....###..######.
..........#...##.##........
.........#....#...'........
.........#....##(##......##
...........#####@#.......#
..........## #c#####...#
..........#(..!)#Y(z.##..#
..........#....# 5y/.)#..#
..........##!.# ?$%(.# >#
.)†........### .[$..#
..))....... #.[?##
########..# ####


You could see a centaur warrior, a vampire mosquito, a sky beast (invisible) and
a quasit.

Vanquished Creatures
  Erolcha (D:11)
  4 ogre magi (Orc:2)
  2 hydras
  A tengu warrior (D:9)
  4 two-headed ogres
  An orc high priest (Orc:2)
  The ghost of robertstho the Thaumaturge, a novice DEFE of Sif Muna (D:11)
  Sonja (D:11)
  Nergalle (Orc:2)
  A skeletal warrior (D:9)
  2 unseen horrors
  An orc knight (D:11)
  5 orc sorcerers (Orc:2)
  A cyclops (D:12)
  An ugly thing (D:9)
  A gargoyle (D:13)
  2 komodo dragons (D:11)
  9 trolls
  A hornet (D:6)
  A slime creature (D:9)
  3 hippogriffs
  A spriggan (D:7)
  2 shadows
  Sigmund (D:2)
  13 yaks
  4 basilisks (D:10)
  2 wraiths
  Grum (D:11)
  An acid dragon (D:11)
  2 vampire mosquitoes (D:13)
  2 wargs
  4 porcupines (D:10)
  A water moccasin (D:8)
  22 orc warriors
  A swamp drake (D:12)
  3 ice beasts
  A sky beast (D:11)
  A phantom (D:8)
  4 ogres
  2 wolves (D:11)
  10 centaurs
  3 crocodiles
  4 big kobolds
  7 bullfrogs
  A wyvern zombie (D:10)
  A scorpion (D:12)
  3 killer bees (D:9)
  5 howler monkeys
  9 crimson imps
  A wyvern simulacrum (D:9)
  A quasit (D:11)
  2 bullfrog zombies
  7 hounds
  Crazy Yiuf (D:2)
  3 jellies
  15 orc priests
  A centaur skeleton (D:11)
  3 iguanas
  9 worker ants
  Ijyb (D:3)
  40 orc wizards
  Natasha (thrice) (D:3)
  A killer bee zombie (D:9)
  2 hound skeletons
  A worker ant zombie (D:10)
  Robin (D:3)
  6 gnolls
  18 adders
  2 river rats (D:6)
  10 shadow imps
  2 oozes
  2 adder skeletons
  An adder zombie (D:7)
  3 worms
  3 dart slugs
  7 leopard geckos
  82 orcs
  5 giant cockroaches
  11 hobgoblins
  7 jackals
  4 quokkas
  4 ball pythons
  10 bats
  6 frilled lizards
  19 goblins
  25 kobolds
  A leopard gecko skeleton (D:7)
  A leopard gecko zombie (D:7)
  2 quokka zombies
  12 rats
  A plant (D:10)
491 creatures vanquished.

Vanquished Creatures (others)
  3 bushes
  17 plants
20 creatures vanquished.

Grand Total: 511 creatures vanquished

Notes
Turn   | Place    | Note
-------+----------+-------------------------------------------
     0 | D:1      | Inchmeat the Hill Orc Gladiator began the quest for the
                  | Orb.
     0 | D:1      | Reached XP level 1. HP: 18/18 MP: 1/1
   159 | D:1      | Reached XP level 2. HP: 25/25 MP: 2/2
   250 | D:1      | Reached skill level 5 in Axes
   469 | D:1      | Reached XP level 3. HP: 30/30 MP: 3/3
   930 | D:2      | Reached skill level 6 in Axes
   978 | D:2      | Reached XP level 4. HP: 37/37 MP: 4/4
  1202 | D:2      | Found a runed translucent door.
  1203 | D:2      | Noticed Crazy Yiuf
  1416 | D:2      | Noticed Sigmund
  1647 | D:3      | Reached skill level 7 in Axes
  1867 | D:2      | Killed Sigmund
  1867 | D:2      | Reached skill level 8 in Axes
  1867 | D:2      | Reached XP level 5. HP: 29/42 MP: 5/5
  1867 | D:2      | Reached XP level 6. HP: 35/50 MP: 6/6
  2224 | D:2      | Killed Crazy Yiuf
  2224 | D:2      | Reached skill level 9 in Axes
  2359 | D:3      | Found a radiant altar of Vehumet.
  2671 | D:3      | Noticed Natasha
  2676 | D:3      | Killed Natasha
  2681 | D:3      | Noticed Robin
  2698 | D:3      | Killed Robin
  2749 | D:3      | Noticed Natasha
  2766 | D:3      | Killed Natasha
  3125 | D:3      | Found an iron altar of Okawaru.
  3131 | D:3      | Noticed Ijyb
  3138 | D:3      | Paralysed by Ijyb for 7 turns
  3149 | D:3      | Killed Ijyb
  3347 | D:3      | Found a white marble altar of Elyvilon.
  3348 | D:3      | Found a bloodstained altar of Trog.
  3353 | D:3      | Found an opulent altar of Gozag.
  3363 | D:3      | Found an ornate altar of the Wu Jian Council.
  3412 | D:3      | Became a worshipper of Elyvilon the Healer
  3469 | D:3      | Noticed Natasha
  3479 | D:3      | Killed Natasha
  3479 | D:3      | Reached skill level 10 in Axes
  3479 | D:3      | Reached XP level 7. HP: 55/56 MP: 7/7
  4219 | D:5      | Entered Level 5 of the Dungeon
  4300 | D:5      | Reached skill level 11 in Axes
  4413 | D:5      | Reached * piety under Elyvilon
  4574 | D:5      | Got a faintly humming chain mail
  4585 | D:5      | Identified the cursed +1 chain mail of Discretion {Harm MR+
                  | Int+2 Slay+2} (You found it on level 5 of the Dungeon)
  5015 | D:5      | Reached skill level 1 in Armour
  5211 | D:5      | Reached XP level 8. HP: 62/62 MP: 8/8
  5479 | D:6      | Reached ** piety under Elyvilon
  5623 | D:6      | Found a staircase to the Ecumenical Temple.
  5669 | Temple   | Entered the Ecumenical Temple
  5772 | Temple   | Fell from the grace of Elyvilon
  5772 | Temple   | Became a worshipper of the Shining One
  5808 | D:6      | Reached skill level 12 in Axes
  5994 | D:6      | Noticed a hornet
  6000 | D:6      | Killed a hornet
  6000 | D:6      | Reached skill level 5 in Armour
  6185 | D:7      | Noticed a hippogriff
  6217 | D:6      | Killed a hippogriff
  6217 | D:6      | Reached XP level 9. HP: 31/68 MP: 9/9
  6437 | D:7      | Reached * piety under the Shining One
  6489 | D:7      | Found a shadowy altar of Dithmenos.
  6802 | D:7      | Reached skill level 13 in Axes
  6871 | D:8      | Reached skill level 1 in Invocations
  7303 | D:8      | Got a fine lead ring
  7308 | D:8      | Found a shimmering blue altar of Sif Muna.
  7435 | D:8      | Noticed a two-headed ogre
  7446 | D:8      | Killed a two-headed ogre
  7446 | D:8      | Reached skill level 5 in Invocations
  7622 | D:8      | Reached XP level 10. HP: 74/74 MP: 12/14
  7705 | D:8      | Found a blossoming altar of Fedhas.
  7726 | D:8      | Noticed an oklob plant
  7797 | D:8      | Reached skill level 14 in Axes
  7984 | D:9      | Reached ** piety under the Shining One
  8301 | D:9      | Found Toamorgh's General Store.
  8357 | D:9      | Noticed a skeletal warrior
  8660 | D:9      | Noticed a brown ugly thing
  8681 | D:9      | Killed a brown ugly thing
  8683 | D:9      | Identified the ring "Gutocate" {rElec MP+9} (You found it
                  | on level 8 of the Dungeon)
  8856 | D:9      | Killed a skeletal warrior
  8856 | D:9      | Reached skill level 15 in Axes
  9292 | D:9      | Found a shimmering altar of Xom.
  9451 | D:10     | Entered Level 10 of the Dungeon
  9617 | D:10     | Reached *** piety under the Shining One
  9639 | D:10     | Reached XP level 11. HP: 29/80 MP: 14/18
 10129 | D:11     | Reached skill level 10 in Invocations
 10191 | D:11     | Reached skill level 16 in Axes
 10268 | D:11     | Noticed Sonja
 10279 | D:11     | Killed Sonja
 10586 | D:11     | Found a runed translucent gate.
 10587 | D:11     | Found a runed translucent gate.
 10588 | D:11     | Found a runed translucent gate.
 10590 | D:11     | Noticed a nine-headed hydra
 10590 | D:11     | Noticed a ten-headed hydra
 10591 | D:11     | Noticed robertstho's ghost (novice DEFE)
 10801 | D:11     | Noticed Grum
 10810 | D:11     | Killed Grum
 10908 | D:11     | Noticed Erolcha
 10909 | D:11     | Noticed an unseen horror
 10920 | D:11     | Killed an unseen horror
 10923 | D:11     | Killed Erolcha
 10923 | D:11     | Reached skill level 5 in Fighting
 11444 | D:11     | Killed robertstho's ghost
 11861 | D:12     | Noticed a two-headed ogre
 11871 | D:12     | Killed a two-headed ogre
 12094 | D:12     | Noticed a cyclops
 12105 | D:12     | Killed a cyclops
 12160 | D:12     | Reached XP level 12. HP: 103/104 MP: 21/21
 12448 | D:12     | Reached skill level 10 in Fighting
 12676 | D:12     | Noticed a two-headed ogre
 12686 | D:12     | Killed a two-headed ogre
 12704 | D:12     | Found a staircase to the Orcish Mines.
 13766 | Orc:1    | Entered Level 1 of the Orcish Mines
 13848 | D:12     | HP: 3/110 [orc knight/+0 great sword (25)]
 14656 | Orc:1    | Found Aress's Magic Scroll Boutique.
 14675 | Orc:1    | Bought a scroll of teleportation for 33 gold pieces
 14675 | Orc:1    | Bought a scroll of identify for 22 gold pieces
 14675 | Orc:1    | Bought a scroll of identify for 22 gold pieces
 14675 | Orc:1    | Bought a scroll of teleportation for 33 gold pieces
 14800 | D:10     | Found a staircase to the Lair.
 15003 | D:10     | Noticed a two-headed ogre
 15011 | D:10     | Killed a two-headed ogre
 15693 | D:9      | Noticed a tengu warrior
 15693 | D:9      | Reached **** piety under the Shining One
 15700 | D:9      | Killed a tengu warrior
 15700 | D:9      | Reached skill level 17 in Axes
 16307 | D:11     | Killed a nine-headed hydra
 16406 | D:11     | Got an ivory scimitar
 16407 | D:11     | Identified the +8 scimitar of Imminent Death {freeze,
                  | Int+5} (You found it on level 11 of the Dungeon)
 16566 | Orc:2    | Entered Level 2 of the Orcish Mines
 16778 | Orc:2    | Found a roughly hewn altar of Beogh.
 16780 | Orc:2    | Noticed an orc high priest
 17116 | Orc:1    | Reached skill level 18 in Axes
 17130 | Orc:1    | Reached XP level 13. HP: 114/118 MP: 22/22
 17574 | Orc:2    | Found a staircase to the Elven Halls.
 17772 | Orc:2    | Found a radiant altar of Vehumet.
 17775 | Orc:2    | Noticed an ogre mage
 17785 | Orc:2    | Killed an ogre mage
 17785 | Orc:2    | Reached skill level 19 in Axes
 17786 | Orc:2    | Found Ynlosy's Gadget Boutique.
 17819 | Orc:2    | Found an ancient bone altar of Kikubaaqudgha.
 17819 | Orc:2    | Noticed Nergalle
 17835 | Orc:2    | Killed Nergalle
 17868 | Orc:2    | Noticed an ogre mage
 17869 | Orc:2    | Found a roughly hewn altar of Beogh.
 17869 | Orc:2    | Found Jeerauf's Antique Weapon Shop.
 17874 | Orc:2    | Killed an ogre mage
 17878 | Orc:2    | Found Xuikkukiosch's Gadget Boutique.
 18228 | Orc:2    | Found Tacaem's Magic Scroll Shop.
 18565 | D:13     | Reached skill level 20 in Axes
 18611 | D:13     | Reached ***** piety under the Shining One
 18613 | D:13     | Reached skill level 1 in Crossbows
 18637 | D:13     | HP: 1/118 [centaur warrior/arrow (14)]
 18639 | D:13     | Slain by a centaur warrior

Illustrated notes

Levels and vault maps discovered:
D:1:      nzn_arrival_water_spiral, layout_basic
D:2:      layout_rooms, uniq_sigmund, uniq_crazy_yiuf_cottage
D:3:      layout_loops_ring, okawaru_ov_weapons_minmay,
          lemuel_coloured_pillars_altar,
          chequers_temple_overflow_statue_of_worship, first_ration,
          uniq_natasha, uniq_ijyb, uniq_robin
D:4:      layout_loops_cross
D:5:      layout_loops_cross
D:6:      layout_rooms, minmay_temple_entry_statues_pillars,
          gup_sewer_entry_bubbles, serial_bayou_pond_d
D:7:      layout_rooms, lemuel_doored_altar, the_bakery
D:8:      layout_loops_cross, kennysheep_little_box, kb_lookout_dungeons_type,
          st_stairs_9, chequers_serial_rivers_micro_e, tgw_fedhas
D:9:      minmay_diamond_stairs, layout_irregular_city, serial_shops,
          kennysheep_mini_moat, tgw_xom
D:10:     layout_long_grid, minmay_lair_entry_grove
D:11:     layout_basic, gammafunk_ghost_hydra_chop, minivault_20,
          billiards_dpeg, uniq_grum, uniq_sonja, uniq_erolcha
D:12:     layout_loops_corners, erik_orc_1, corexii_checkpoint_a
D:13:     layout_irregular_city, lightli_vaults_fourway_checkpoint,
          serial_shops, shop, minmay_joined_circles
Temple:   eino_temple_water
Orc:1:    layout_diamond_mine, serial_shops, shop
Orc:2:    kennysheep_orc_mage_school, layout_diamond_mine, basic_altar

Skill      XL: |  1  2  3  4  5  6  7  8  9 10 11 12 13 |
---------------+----------------------------------------+-----
Axes           | 5 6 8 10 11 12 13 15 16 18 20 | 20.0
Armour         | 1 6 8 |  8.0
Invocations    | 5 9 12 | 12.0
Fighting       | 9 12 | 12.0
Crossbows      | 2 |  2.3
Throwing       | |  1.7
Dodging        | |  2.4

Action                   |  1- 3 |  4- 6 |  7- 9 | 10-12 | 13-15 || total
-------------------------+-------+-------+-------+-------+-------++-------
Melee: War axe           |    95 |   175 |   306 |   509 |       ||  1085
       Unarmed           |       |    14 |       |       |       ||    14
       Battleaxe         |       |       |       |   130 |   149 ||   279
       Dire flail        |       |       |       |     6 |     5 ||    11
 Fire: Arbalest          |       |       |       |       |     1 ||     1
Throw: Throwing net      |       |     1 |     2 |     1 |       ||     4
       Dart              |       |       |       |     1 |       ||     1
Invok: Divine Shield     |       |       |       |     8 |     1 ||     9
Evoke: Wand              |       |       |       |     4 |       ||     4
  Use: Scroll            |       |       |    11 |    20 |       ||    31
       Potion            |       |       |       |     5 |     1 ||     6
  Eat: Chunk             |       |     5 |    13 |    14 |     3 ||    35
       Ration            |       |     1 |       |     5 |     1 ||     7
Armor: Leather armour    |    13 |       |       |       |       ||    13
       Chain mail        |    51 |   138 |   132 |   276 |    72 ||   669
       Plate armour      |       |       |       |       |    30 ||    30
Dodge: Dodged            |    68 |    80 |   137 |   362 |    65 ||   712
Block: Other             |       |       |       |    41 |     2 ||    43
